FIQ, chaotic male vampiric Wizard -- --.--- |....| --- ...---.-- -- -......| .-- |......----...--- ------...............| |................^...| |.......---<...........- --......| --............| |......| --...........- --------- -- --- ---....| -..*.......... ................ --.h.-------......>.............G- -- -- |....d@M.....h.'....G.d....G.G..........- --...----- --.......---------- ......... -... ....... .......... .... ......- .......- --.--- --..--- .).-- -- --- --- FIQ the Thaumaturge Experience level: 6 Strength: 8 Dexterity: 13 Constitution: 16 Intelligence: 18 Wisdom: 9 Charisma: 8 Health: 0(48) Energy: 67(67) AC: 9 Gold: 153 Moves: 1068 Your Inventory: Coins $ - 153 gold pieces Weapons a - a blessed +1 quarterstaff t - a cursed [-2] dagger Armor b - an uncursed +0 cloak of magic resistance (being worn) Scrolls i - 2 uncursed scrolls of confuse monster j - an uncursed scroll of teleportation k - an uncursed scroll of food detection Spellbooks l - a blessed spellbook of force bolt m - an uncursed spellbook of create monster Potions f - an uncursed potion of gain energy g - an uncursed potion of blindness h - a blessed potion of monster detection q - an [uncursed] murky potion [of sleeping] Rings d - an uncursed ring of slow digestion e - an uncursed ring of cold resistance o - an [uncursed] jacinth ring [of see invisible] Wands c - an uncursed wand of digging (0:5) n - an [uncursed] octagonal wand [of death (0:5)] Gems p - an [uncursed] orange gem [worthless glass] Spells known in the end: Name Level Category Fail Memory a - force bolt 1 attack 0% [||||||||] b - create monster 2 clerical 43% [||||||||] Your skills at the end: Fighting Skills Weapon Skills quarterstaff [Basic / Expert] Spellcasting Skills attack spells [Basic / Expert] enchantment spells [Basic / Skilled] Final Attributes: You were devoutly aligned. Hunger level was 813. Your alignment was 14 / 15. Monster difficulty range was 0 - 5. Level difficulty was 5. You were immune to level-drain. You were magic-protected. You could fly. You could survive without air. You regenerated. Your luck was zero. You are dead. Vanquished creatures: a rock mole 2 shriekers 2 gnome lords a floating eye a kitten a kobold lord an iguana a large kobold a hobgoblin 2 giant rats a brown mold 2 gnomes a gecko 2 jackals a fox a goblin a bat a lichen 2 newts 25 creatures vanquished. Voluntary challenges: You were illiterate. You used a wielded weapon 33 times. You put on armor 1 time. You never genocided any monsters. You never polymorphed an object. You never changed form. You used no wishes. You never wrote Elbereth's name. You never encountered a bones level. You never used any Sokoban shortcuts. Dungeon overview: The Dungeons of Doom: levels 1 to 4 Level 1 a long staircase Level 2 a scroll shop Level 3 some fountains Level 4 a fountain stairs to The Gnomish Mines The Gnomish Mines: Level 5 <- You were here stairs to The Dungeons of Doom History has recorded: On T:1 you entered the Dungeons of Doom to retrieve the Amulet of Yendor! On T:70 you reached level 2 of The Dungeons of Doom. On T:286 you reached level 3 of The Dungeons of Doom. On T:289 you advanced to experience level 2. On T:360 you advanced to experience level 3. On T:493 you reached level 4 of The Dungeons of Doom. On T:507 you advanced to experience level 4. On T:775 you advanced to experience level 5. On T:1015 you reached level 1 of The Gnomish Mines. On T:1026 you advanced to experience level 6. Latest messages: The dwarf hits! [HP-11=37] The dingo bites! [HP-4=33] The dingo bites! The dwarf thrusts his dagger. The dwarf hits! The dingo bites! [HP-11=22] The dingo bites! [HP-1=21] The dingo bites! The dwarf lord thrusts his dagger. The dwarf lord hits! The dwarf lord thrusts his dagger. The dwarf lord hits! The dwarf thrusts his dagger. The dwarf hits! [HP-17=4] The dingo bites! [HP-1=3] [HP+1=4] You hit the gnome mummy. You bite the gnome mummy. The gnome mummy hits! You die... Final status: Goodbye FIQ the Wizard... You died in The Gnomish Mines on dungeon level 5 with 610 points, and 153 pieces of gold, after 1068 moves. You were level 6 with a maximum of 48 hit points when you died.